 Dungeon Crawl Stone Soup version 0.28-a0-689-ga55568f2eb (webtiles) character file.

Game seed: 14547292540342641370

460 apollocrs the Chopper (level 6, 0/84 HPs)
             Began as a Minotaur Berserker on Oct 20, 2021.
             Was a Believer of Trog.
             Slain by a black bear (4 damage)
             ... on level 4 of the Dungeon.
             The game lasted 00:06:07 (3928 turns).

apollocrs the Chopper (Minotaur Berserker)          Turns: 3928, Time: 00:06:08

Health: 0/84       AC:  9    Str: 23    XL:     6   Next: 78%
Magic:  5/5        EV:  9    Int:  4    God:    Trog [**....]
Gold:   123        SH:  0    Dex: 10    Spells: 5/5 levels left

rFire   . . .      SeeInvis .   l - +0 long sword
rCold   . . .      Faith    .   (no shield)
rNeg    . . .      Spirit   .   f - +0 chain mail
rPois   .          Reflect  .   (helmet restricted)
rElec   .          Harm     .   (no cloak)
rCorr   .          Rampage  .   (no gloves)
Will    .....                   (no boots)
Stlth   ..........              (no amulet)
HPRegen 0.24/turn               (no ring)
MPRegen 0.09/turn               (no ring)

@: berserking, very quick
A: horns 2, retaliatory headbutt
a: Renounce Religion, Berserk, Trog's Hand


You were on level 4 of the Dungeon.
You worshipped Trog.
Trog was pleased with you.
You visited 1 branch of the dungeon, and saw 4 of its levels.

You collected 123 gold pieces.

Inventory:

Hand Weapons
 a - a +0 hand axe
 l - a +0 long sword (weapon)
 o - a +0 dagger
 p - a +0 hunting sling
 r - a +0 club
 s - a +0 dagger
 t - a +0 flail
 u - a +0 mace
 x - a +0 scythe
 B - a +2 spear of venom
 C - a +0 flail
 D - a +0 flail
Missiles
 c - 45 arrows
 q - 49 stones (quivered)
Armour
 b - a +0 animal skin
 f - a +0 chain mail (worn)
 n - a +0 chain mail
 v - a +0 ring mail
 y - a +0 robe
Wands
 A - a wand of polymorph (7)
Scrolls
 d - a scroll of enchant weapon {unknown}
 e - a scroll of silence {unknown}
 m - a scroll of noise {unknown}
 w - a scroll of teleportation {unknown}
 z - a scroll of summoning {unknown}
Potions
 g - a potion of might {unknown}
 h - 3 potions of flight {unknown}
 i - a potion of brilliance
 j - a potion of attraction {unknown}
 k - 2 potions of curing {unknown}


   Skills:
 + Level 5.6 Fighting
 + Level 5.6 Axes
 + Level 4.7 Armour
 + Level 4.3 Dodging


You had 5 spell levels left.
You didn't know any spells.
Your spell library was empty.

Dungeon Overview and Level Annotations

Branches:
Dungeon (4/15)
 Temple: D:4-7

Altars:

Shops:
D:1 [


Innate Abilities, Weirdness & Mutations

You have a pair of horns on your head.
You reflexively headbutt those who attack you in melee.


Message History

The black bear barely misses you.
The centaur zombie hits you but does no damage.
The centaur zombie kicks you but does no damage.
The black bear bites you!
The black bear claws you but does no damage. x2
The centaur zombie hits you but does no damage.
The centaur zombie kicks you but does no damage.
Your chain mail prevents you from hitting the black bear.
Your headbutt misses the black bear.
The black bear is almost dead.
The black bear barely misses you.
The black bear claws you but does no damage.
The black bear barely misses you.
The centaur zombie hits you but does no damage.
The centaur zombie barely misses you. The black bear misses you.
The black bear claws you but does no damage.
The black bear claws you. The centaur zombie barely misses you.
The centaur zombie kicks you but does no damage.
You hit the black bear but do no damage.
Your headbutt misses the black bear.
The black bear is almost dead.
The black bear bites you.
The black bear claws you but does no damage.
The black bear closely misses you.
The centaur zombie hits you but does no damage.
The centaur zombie barely misses you. The black bear bites you!
* * * LOW HITPOINT WARNING * * *
The black bear claws you but does no damage. x2
The centaur zombie barely misses you. You furiously retaliate!
You headbutt the centaur zombie.
The centaur zombie completely misses you.
The black bear bites you!
* * * LOW HITPOINT WARNING * * *
The black bear barely misses you.
The black bear claws you but does no damage.
A red film seems to cover your vision as you go berserk!
You feel yourself moving faster!
You feel mighty! The black bear bites you.
* * * LOW HITPOINT WARNING * * *
The black bear barely misses you. The black bear claws you.
You die...

... ..# ...#
##.....
.#.....
####.......
###..........
#...Zh##.....
##...@.......
##............
#....##.......
##....###....#
##.<.# ....#
#..........#
#............
##...........
#.........


You could see a black bear (berserk) and a centaur zombie.

Vanquished Creatures
  Sigmund (D:3)
  A scorpion (D:3)
  An orc priest (D:3)
  Natasha (thrice) (D:2)
  3 gnolls (D:3)
  5 adders
  A worm (D:2)
  A dart slug (D:1)
  8 orcs (D:3)
  5 endoplasms
  A giant cockroach (D:2)
  2 hobgoblins
  8 jackals
  A quokka (D:1)
  4 bats
  3 frilled lizards (D:1)
  7 goblins
  6 kobolds
  2 rats (D:2)
63 creatures vanquished.

Notes
Turn   | Place    | Note
-------+----------+-------------------------------------------
     0 | D:1      | apollocrs the Minotaur Berserker began the quest for the
                  | Orb.
     0 | D:1      | Reached XP level 1. HP: 19/19 MP: 0/0
   449 | D:1      | Found Raigaggu's Antique Armour Shop.
   634 | D:1      | Reached XP level 2. HP: 24/27 MP: 1/1
  1139 | D:2      | Reached XP level 3. HP: 33/33 MP: 2/2
  1147 | D:2      | Noticed Natasha
  1161 | D:2      | Killed Natasha
  1512 | D:2      | Noticed Natasha
  1519 | D:2      | Killed Natasha
  1520 | D:2      | Reached XP level 4. HP: 31/41 MP: 3/3
  1627 | D:2      | Noticed Natasha
  1637 | D:2      | Killed Natasha
  2030 | D:2      | Reached ** piety under Trog
  2320 | D:2      | Reached XP level 5. HP: 29/47 MP: 4/4
  2940 | D:3      | Reached skill level 5 in Axes
  3106 | D:3      | Noticed Sigmund
  3116 | D:3      | Killed Sigmund
  3117 | D:3      | Reached skill level 5 in Fighting
  3117 | D:3      | Reached XP level 6. HP: 56/56 MP: 5/5
  3928 | D:4      | HP: 4/84 [black bear (5)]
  3928 | D:4      | Slain by a black bear

Illustrated notes

Levels and vault maps discovered:
D:1:      minmay_arrival_open_corners, layout_basic, serial_shops, shop,
          minmay_tetromino_i2
D:2:      minmay_chambers_of_ones, layout_loops_ring, minmay_misc_feat_doors,
          uniq_natasha
D:3:      layout_rooms, uniq_sigmund
D:4:      layout_cave_pools, kennysheep_opposing_triangles

Skill      XL: |  1  2  3  4  5 |
---------------+----------------+-----
Axes           | 4 5 |  5.6
Fighting       | 4 5 |  5.6
Armour         | 3 4 |  4.7
Dodging        | 3 4 |  4.3

Action                   |  1- 3 |  4- 6 || total
-------------------------+-------+-------++-------
Melee: Hand axe          |    56 |    26 ||    82
       Headbutt          |     5 |    15 ||    20
       Long sword        |       |    69 ||    69
Invok: Berserk           |     1 |     4 ||     5
Armor: Chain mail        |    20 |   103 ||   123
       Animal skin       |     5 |       ||     5
Dodge: Dodged            |    25 |    87 ||   112

Table legend: (Time is in decaauts)
 A = Elapsed time spent in this place.
 B = Non-inter-level travel time spent in this place.
 C = Inter-level travel time spent in this place.
 D = Time resting spent in this place.
 E = Time spent auto-exploring this place.
 F = Levels seen in this place.
 G = Mean time per level.
                   A        B        C        D        E       F      G
               +--------+--------+--------+--------+--------+-----+--------+
         Total |   4024 |   4024 |      0 |    581 |   2602 |   4 | 1006.0 |
       Dungeon |   4024 |   4024 |      0 |    581 |   2602 |   4 | 1006.0 |
               +--------+--------+--------+--------+--------+-----+--------+

Top non-repeatable levels by time:
     D:2: 1915 daAuts
     D:3: 1053 daAuts
     D:1: 1034 daAuts
     D:4: 20 daAuts
